 Dungeon Crawl Stone Soup version 0.22.1-5-g62c59d919a (webtiles) character file.

48 Ivernyr the Magician (level 3, -1/42 HPs)
             Began as a Naga Wizard on Jan 14, 2019.
             Killed from afar by an orc wizard (7 damage)
             ... with a magic dart
             ... on level 3 of the Dungeon.
             The game lasted 00:16:05 (1203 turns).

Ivernyr the Magician (Naga Wizard)                  Turns: 1203, Time: 00:16:06

Health: -1/42      AC:  2    Str: 11 (14) XL:     3   Next: 72%
Magic:  1/8        EV:  9    Int: 18 (19) God:
Gold:   119        SH:  0    Dex:  6 (9)  Spells: 0/9 levels left

rFire    + . .     SeeInvis +   i - -1 spear
rCold    + . .     Gourm    .   (no shield)
rNeg     . . .     Faith    .   a - +0 robe
rPois    +         Spirit   .   (no helmet)
rElec    +         Reflect  .   (no cloak)
rCorr    +         Harm     .   (no gloves)
MR       .....                  (no barding)
Stlth    ..........             (no amulet)
HPRegen  0.14/turn              (no ring)
MPRegen  0.11/turn              (no ring)

@: berserking, resistant, flying, quick
A: large, see invisible, deformed body, poison resistance, slowness 2, slow
metabolism 1, spit poison 1, AC +1
a: Spit Poison


You were on level 3 of the Dungeon.
You were not hungry.

You visited 1 branch of the dungeon, and saw 3 of its levels.

You collected 119 gold pieces.

Inventory:

Hand Weapons
 i - a -1 spear (weapon)
Armour
 a - a +0 robe (worn)
Jewellery
 m - a cursed +5 ring of intelligence {unknown}
Wands
 o - a wand of random effects (33)
Scrolls
 l - a scroll of remove curse
 n - a scroll of identify {unknown}
Potions
 k - a potion of curing
Comestibles
 d - 9 rations


   Skills:
 + Level 2.0 Dodging
 - Level 3.0 Stealth
 * Level 3.7 Spellcasting
 + Level 1.8 Conjurations
   Level 1.0 Summonings
 - Level 1.0 Translocations


You couldn't memorise any spells.
You knew the following spells:

 Your Spells              Type           Power        Failure   Level  Hunger
a - Magic Dart            Conj           ##..         7%          1    None
b - Blink                 Tloc           N/A          16%         2    ##.....
c - Conjure Flame         Conj/Fire      #.......     30%         3    ###....
d - Mephitic Cloud        Conj/Pois/Air  #.......     34%         3    ###....

Your spell library contained the following spells:

 Spells                   Type           Power        Failure   Level  Hunger
 Call Imp                 Summ           #.......     16%         2    ##.....
 Slow                     Hex            #.......     22%         2    ##.....


Dungeon Overview and Level Annotations

Branches:
Dungeon (3/15)

Altars:
Xom


Innate Abilities, Weirdness & Mutations

You cannot wear boots.
Your serpentine skin is tough. (AC +1)
You have supernaturally acute eyesight. (SInv)
Armour fits poorly on your strangely shaped body.
Your system is resistant to poisons. (rPois)
You cover ground very slowly.
You have a slow metabolism.
You can spit poison.


Message History

There was something very wrong with that liquid.
You feel weakened.
You feel dopey.
You feel clumsy.
You have got your breath back.
The orc wizard barely misses you.
A frilled lizard comes into view.
The orc priest mumbles some strange prayers to Beogh against you.
Beogh smites you!
* * * LOW HITPOINT WARNING * * *
The orc hits you.
* * * LOW HITPOINT WARNING * * *
Unknown command.
It was a potion of berserk rage.
A red film seems to cover your vision as you go berserk!
You feel yourself moving faster!
You feel mighty!
The frilled lizard hisses angrily.
The orc hits you with a mace.
* * * LOW HITPOINT WARNING * * *
The orc wizard casts a spell at you. The magic dart hits you!
You die...

...##....%.....##
......$.........## ...
...............# .....#.#
##...†.........# #####.##.#.#
#..............# #......#.#.#
#.l..h........# #......#.#.#
#.#....o.....# #........#.#
##o##......#### .....(##.#.#
#@o###.....#
#....<.....#####oo..†...###
#.....#..........####...#
...........##..#####...##
#.............### #...##
#.......#.......# #.<##
#..####......##.###..#########
... ##.....##....).........#
... #.....##..............#


You could see an orc priest, an orc wizard, 2 orcs and a frilled lizard.

Vanquished Creatures
  An ooze (D:2)
  2 dart slugs
  A leopard gecko (D:2)
  5 bats
  4 giant cockroaches
  A goblin (D:3)
  7 hobgoblins
  3 jackals (D:3)
  3 kobolds
  2 ball pythons
  3 frilled lizards
  4 rats
36 creatures vanquished.

Notes
Turn   | Place    | Note
-------+----------+-------------------------------------------
     0 | D:1      | Ivernyr the Naga Wizard began the quest for the Orb.
     0 | D:1      | Reached XP level 1. HP: 15/15 MP: 4/4
    82 | D:1      | Reached XP level 2. HP: 13/22 MP: 1/6
   205 | D:1      | Learned a level 2 spell: Blink
   658 | D:2      | Reached XP level 3. HP: 28/28 MP: 8/8
   882 | D:2      | Found a shimmering altar of Xom.
  1096 | D:2      | Learned a level 3 spell: Conjure Flame
  1100 | D:2      | Learned a level 3 spell: Mephitic Cloud
  1203 | D:3      | Killed from afar by an orc wizard

Skill      XL: |  1  2  3 |
---------------+----------+-----
Dodging        | 2 |  2.0
Stealth        | |  3.0
Spellcasting   | |  3.7
Conjurations   | |  1.8
Summonings     | |  1.0
Translocations | |  1.0

Action                   || total
-------------------------++-------
Melee: Unarmed           ||     1
       Spear             ||    11
 Cast: Magic Dart        ||    43
       Mephitic Cloud    ||     1
 Abil: Spit Poison       ||    29
  Use: Scroll            ||     3
       Potion            ||     6
  Eat: Chunk             ||     2
Armor: Robe              ||     3
Dodge: Dodged            ||    26
